 Dungeon Crawl Stone Soup version 0.23.2 (webtiles) character file.

Game seed: 10381115358961133843

20909 Borgoz the Slicer (level 12, 37/75 HPs)
             Began as a Gargoyle Gladiator on Apr 8, 2019.
             Was a Believer of Ashenzari.
             Quit the game on level 4 of the Lair of Beasts.
             The game lasted 00:30:10 (14510 turns).

Borgoz the Slicer (Gargoyle Gladiator)             Turns: 14510, Time: 00:30:11

Health: 37/75      AC: 21    Str: 19    XL:     12   Next: 84%
Magic:  14/14      EV: 20    Int:  9    God:    Ashenzari [**....]
Gold:   428        SH:  0    Dex: 15    Spells: 6/11 levels left

rFire    . . .     SeeInvis +   a - +1 short sword (venom)
rCold    . . .     Gourm    .   (no shield)
rNeg     + . .     Faith    .   M - +3 leather armour {MR+}
rPois    ∞         Spirit   .   u - +0 helmet {SInv}
rElec    +         Reflect  .   (no cloak)
rCorr    .         Harm     .   m - +0 pair of gloves
MR       +....                  P - +1 pair of boots
Stlth    ++++......             g - amulet of rage
HPRegen  0.22/turn              p - +2 ring of evasion
MPRegen  0.14/turn              (no ring)

@: no status effects
A: negative energy resistance 1, electricity resistance, unbreathing,
petrification resistance, rot immunity, AC +8
a: Curse Item, Scrying, Renounce Religion, Evoke Berserk Rage


You were on level 4 of the Lair of Beasts.
You worshipped Ashenzari.
Ashenzari was pleased with you.
You were not hungry.

You visited 3 branches of the dungeon, and saw 13 of its levels.
You also visited: Sewer.

You collected 577 gold pieces.
You spent 149 gold pieces at shops.

Inventory:

Hand Weapons
 a - a +1 short sword of venom (weapon)
 b - a +2 antimagic short sword
 o - a +0 rapier
 N - a +0 dagger of draining
 O - a +0 dagger of flaming
Missiles
 d - a throwing net (quivered)
 y - 3 javelins of returning
Armour
 m - a +0 pair of gloves (worn)
 u - a +0 helmet of see invisible (worn)
 M - a +3 leather armour of magic resistance (worn)
 P - a +1 pair of boots (worn)
Jewellery
 g - an amulet of rage (around neck)
 p - a +2 ring of evasion (left hand)
 t - an uncursed ring of stealth
Wands
 n - a wand of digging (3)
 z - a wand of clouds (15)
 G - a wand of acid (19)
 S - a wand of iceblast (16)
Scrolls
 c - a scroll of magic mapping {unknown}
 h - 7 scrolls of teleportation
 i - 6 scrolls of remove curse
 k - a scroll of noise {unknown}
 l - 3 scrolls of amnesia
 A - a scroll of enchant armour {unknown}
 C - 3 scrolls of fear
 D - 3 scrolls of identify
 E - 3 scrolls of blinking
 R - 2 scrolls of enchant weapon
Potions
 e - 2 potions of magic {unknown}
 j - 2 potions of curing
 r - 3 potions of resistance
 s - a potion of mutation
 v - a potion of berserk rage
 w - 3 potions of haste
 B - a potion of cancellation
Comestibles
 f - 11 rations
 x - 2 chunks of flesh


   Skills:
 + Level 8.9 Fighting
 * Level 10.5 Short Blades
 - Level 1.7 Throwing
 + Level 8.5 Armour
 * Level 9.8 Dodging
 + Level 9.3 Stealth
 + Level 3.3 Evocations


You had 6 spell levels left.
You knew the following spells:

 Your Spells              Type           Power        Failure   Level  Hunger
a - Blink                 Tloc           N/A          56%         2    ###....
b - Mephitic Cloud        Conj/Pois/Air  #.......     80%         3    ####...

Your spell library contained the following spells:

 Spells                   Type           Power        Failure   Level  Hunger
 Apportation              Tloc           #.....       43%         1    ##.....
 Beastly Appendage        Tmut           #.....       43%         1    ##.....
 Magic Dart               Conj           #...         43%         1    ##.....
 Shock                    Conj/Air       #...         43%         1    ##.....
 Summon Butterflies       Summ           #.......     43%         1    ##.....
 Call Imp                 Summ           #.......     56%         2    ###....
 Slow                     Hex            #.......     56%         2    ###....
 Sticks to Snakes         Tmut           #.......     56%         2    ###....
 Swiftness                Chrm/Air       #.......     56%         2    ###....
 Conjure Flame            Conj/Fire      #.......     80%         3    ####...
 Lesser Beckoning         Tloc           #.........   80%         3    ####...
 Spider Form              Tmut/Pois      #.........   80%         3    ####...
 Static Discharge         Conj/Air       #.......     80%         3    ####...
 Tukima's Dance           Hex            #.......     80%         3    ####...
 Airstrike                Air            #.........   99%         4    #####..
 Ice Form                 Ice/Tmut       #.......     99%         4    #####..
 Alistair's Intoxication  Tmut/Pois      #.......     100%        5    ######.
 Blade Hands              Tmut           #.........   100%        5    ######.
 Lightning Bolt           Conj/Air       #.........   100%        5    ######.
 Invisibility             Hex            #.......     100%        6    #######


Dungeon Overview and Level Annotations

Branches:
Dungeon (8/15)             Temple (1/1) D:5            Lair (4/6) D:8
  Swamp (0/4) Lair:3        Snake (0/4) Lair:4

Altars:
Ashenzari
Cheibriados
Dithmenos
Elyvilon
Fedhas
Gozag
Hepliaklqana
Kikubaaqudgha
Makhleb
Nemelex Xobeh
Okawaru
Qazlal
Ru
Sif Muna
Trog
Uskayaw
Vehumet
Wu Jian
Xom
Yredelemnul
Zin
The Shining One

Shops:
D:5 (   D:6 [


Innate Abilities, Weirdness & Mutations

You are resistant to torment.
Your stone body is resilient. (AC +8)
You are immune to poison.
You resist negative energy. (rN+)
You are resistant to electric shocks. (rElec)
You can survive without breathing.
You are immune to petrification.
You are immune to rotting.


Message History

The water moccasin is almost dead.
The water moccasin barely misses you.
You hit the water moccasin.
The water moccasin is almost dead.
The water moccasin misses you.
You hit the water moccasin.
You kill the water moccasin!
You see here an adder corpse.
You butcher the adder corpse.
x - 3 chunks of flesh (gained 1)
You see here an adder skeleton.
Eat one of 3 chunks of flesh? (ye/n/q)
You eat one of the 3 chunks of flesh.
This raw flesh tastes terrible.
Things that are here:
a water moccasin corpse; an adder corpse A water moccasin comes into view.
You now have 428 gold pieces (gained 14).
There are no items here.
Found 20 stones.
Are you sure you want to abandon this character and quit the game? (Confirm with "yes".)

....####P..###..
,.P.# ##.## **#
.## ##.## * * *
#..P## #....# *
# #.#..## * ,
###(###..## ,
#.........#
#.....@..##
#...∩....# **
#.........#
#.........#
########.## ###


There were no monsters in sight!

Vanquished Creatures
  Josephine (Lair:4)
  Harold (Lair:1)
  3 death yaks
  Urug (Lair:1)
  2 black mambas
  2 spiny frogs
  2 komodo dragons
  A bog body (Lair:3)
  17 blink frogs
  2 hippogriffs
  Sigmund (D:3)
  A wyvern (Lair:3)
  3 wraiths (Lair:4)
  Eustachio (D:6)
  25 yaks
  Menkaure (D:7)
  2 swamp worms (Lair:3)
  10 water moccasins
  6 porcupines
  An orc warrior (D:7)
  A sky beast (D:6)
  5 phantoms
  3 ogres
  2 black bears
  12 wolves
  3 centaurs
  3 crocodiles
  A big kobold (D:5)
  10 bullfrogs
  A scorpion (D:5)
  2 electric eels (Lair:3)
  4 wights (D:7)
  3 howler monkeys
  A quasit (D:7)
  A crimson imp (D:5)
  3 orc priests
  6 hounds
  A centaur skeleton (D:4)
  Jessica (D:3)
  Natasha (thrice) (D:2)
  Terence (D:2)
  6 orc wizards
  3 iguanas
  Ijyb (D:3)
  7 worker ants
  A hound skeleton (D:5)
  A hound zombie (D:5)
  A howler monkey zombie (D:5)
  12 gnolls
  9 adders
  A river rat (D:3)
  A shadow imp (D:6)
  2 oozes
  An adder zombie (D:3)
  4 worms
  3 adder skeletons
  2 dart slugs (D:4)
  8 leopard geckos
  17 orcs
  8 bats
  6 giant cockroaches
  4 goblins
  11 hobgoblins
  15 jackals
  4 quokkas
  8 ball pythons
  11 frilled lizards
  A giant cockroach zombie (D:3)
  5 kobolds
  A quokka skeleton (D:4)
  A quokka zombie (D:3)
  11 rats
316 creatures vanquished.

Vanquished Creatures (others)
  A bog body (Lair:3)
  A hippogriff (Lair:1)
  10 fungi
  5 plants
17 creatures vanquished.

Grand Total: 333 creatures vanquished

Notes
Turn   | Place    | Note
-------+----------+-------------------------------------------
     0 | D:1      | Borgoz the Gargoyle Gladiator began the quest for the Orb.
     0 | D:1      | Reached XP level 1. HP: 12/12 MP: 1/1
    81 | D:1      | Reached XP level 2. HP: 15/17 MP: 2/2
   914 | D:2      | Noticed Natasha
   922 | D:2      | Killed Natasha
   922 | D:2      | Reached skill level 3 in Short Blades
   922 | D:2      | Reached skill level 1 in Armour
   922 | D:2      | Reached skill level 1 in Stealth
   922 | D:2      | Reached XP level 3. HP: 15/22 MP: 3/3
   976 | D:2      | Reached XP level 4. HP: 11/27 MP: 4/4
  1264 | D:2      | Noticed Terence
  1297 | D:2      | Killed Terence
  1477 | D:2      | Found a hide-covered altar of Uskayaw.
  1609 | D:2      | Reached XP level 5. HP: 32/32 MP: 5/5
  1625 | D:2      | Noticed Natasha
  1638 | D:2      | Killed Natasha
  1958 | D:2      | Found a deep blue altar of Sif Muna.
  2146 | D:2      | Noticed Natasha
  2155 | D:2      | Killed Natasha
  2446 | D:3      | Learned a level 2 spell: Blink
  2476 | D:3      | Reached XP level 6. HP: 36/37 MP: 6/6
  2709 | D:3      | Reached skill level 4 in Short Blades
  2780 | D:3      | Noticed Sigmund
  2796 | D:3      | Killed Sigmund
  2796 | D:3      | Reached XP level 7. HP: 18/41 MP: 7/7
  2904 | D:3      | Noticed Ijyb
  2919 | D:3      | Killed Ijyb
  2931 | D:3      | Noticed Jessica
  2938 | D:3      | Killed Jessica
  3099 | D:3      | Found a glowing drain.
  3134 | Sewer    | Entered a sewer
  4115 | D:4      | Reached XP level 8. HP: 39/48 MP: 8/8
  4150 | D:4      | Reached skill level 5 in Short Blades
  4554 | D:5      | Entered Level 5 of the Dungeon
  4585 | D:5      | Reached skill level 5 in Dodging
  4656 | D:5      | Found a staircase to the Ecumenical Temple.
  4705 | Temple   | Entered the Ecumenical Temple
  4811 | Temple   | Became a worshipper of Ashenzari the Shackled
  4871 | D:5      | Found Vinutu's Antique Weapon Shoppe.
  5146 | D:5      | Reached skill level 5 in Fighting
  5182 | D:5      | Reached skill level 6 in Short Blades
  5182 | D:5      | Reached XP level 9. HP: 40/54 MP: 9/9
  5230 | D:5      | Found a hazy altar of Hepliaklqana.
  5665 | D:6      | Reached skill level 5 in Stealth
  5914 | D:6      | Found Amocez's Armour Boutique.
  5920 | D:6      | Bought a +0 helmet of see invisible for 149 gold pieces
  5949 | D:6      | Noticed Eustachio
  5964 | D:6      | Killed Eustachio
  6586 | D:7      | Reached skill level 5 in Armour
  6719 | D:7      | Noticed Menkaure
  6734 | D:7      | Killed Menkaure
  6878 | D:7      | Reached * piety under Ashenzari
  7017 | D:7      | Reached skill level 7 in Short Blades
  7359 | D:8      | Noticed a death yak
  7361 | D:8      | Found a staircase to the Lair.
  7362 | D:8      | Noticed a death yak
  7363 | D:8      | Noticed a death yak
  7400 | D:7      | Killed a death yak
  7400 | D:7      | Reached XP level 10. HP: 16/60 MP: 10/10
  7945 | D:8      | Killed a death yak
  8099 | D:7      | Killed a death yak
  8099 | D:7      | Reached skill level 8 in Short Blades
  8351 | Lair:1   | Entered Level 1 of the Lair of Beasts
  8466 | Lair:1   | Noticed Harold
  8504 | Lair:1   | Reached XP level 11. HP: 23/67 MP: 11/11
  8534 | Lair:1   | Killed Harold
  8973 | Lair:1   | Learned a level 3 spell: Mephitic Cloud
  8986 | Lair:1   | Noticed Urug
  9022 | Lair:1   | Killed Urug
  9022 | Lair:1   | Reached skill level 9 in Short Blades
 10229 | Lair:2   | Reached ** piety under Ashenzari
 10535 | Lair:2   | Reached skill level 1 in Evocations
 11224 | Lair:2   | Reached XP level 12. HP: 59/73 MP: 13/13
 12533 | Lair:3   | Reached skill level 10 in Short Blades
 13065 | Lair:3   | Found a staircase to the Swamp.
 13956 | Lair:4   | Noticed a seven-headed hydra
 14236 | Lair:4   | Noticed Josephine
 14257 | Lair:4   | Killed Josephine
 14398 | Lair:4   | Found a staircase to the Snake Pit.
 14510 | Lair:4   | Quit the game

Skill      XL: |  1  2  3  4  5  6  7  8  9 10 11 12 |
---------------+-------------------------------------+-----
Short Blades   | 3 4 6 7 8 9 10 | 10.5
Armour         | 1 2 3 4 5 6 7 8 |  8.5
Stealth        | 1 2 3 4 6 7 8 9 |  9.3
Dodging        | 3 4 5 6 7 9 |  9.8
Fighting       | 3 4 5 6 7 8 |  8.9
Evocations     | 1 3 |  3.3
Throwing       | |  1.7

Action                   |  1- 3 |  4- 6 |  7- 9 | 10-12 || total
-------------------------+-------+-------+-------+-------++-------
Melee: Rapier            |    54 |    33 |       |       ||    87
       Short sword       |       |   177 |   768 |  1097 ||  2042
Throw: Throwing net      |     4 |     3 |       |     2 ||     9
 Abil: Evoke Berserk Rag |       |       |       |     3 ||     3
Evoke: Wand              |       |       |       |     1 ||     1
  Use: Potion            |     3 |       |     1 |    11 ||    15
       Scroll            |       |       |       |    17 ||    17
 Stab: Held in net/web   |     1 |     1 |       |     1 ||     3
       Sleeping          |       |     4 |     1 |     5 ||    10
       Invisible         |       |       |       |     7 ||     7
  Eat: Chunk             |       |     6 |    13 |    20 ||    39
       Ration            |       |       |     1 |     2 ||     3
Armor: Leather armour    |    29 |    59 |   103 |   330 ||   521
       Scale mail        |       |       |   165 |       ||   165
Dodge: Dodged            |    53 |   124 |   464 |  1159 ||  1800
Block: Other             |       |       |    67 |    16 ||    83
       Reflection        |       |       |     1 |       ||     1
